 Dungeon Crawl Stone Soup version 0.19.4-9-g45fd643 (webtiles) character file.

624 nikopol the Skirmisher (level 7, -9/62 HPs)
             Began as a Minotaur Berserker on Feb 20, 2017.
             Was a Priest of Trog.
             Mangled by an ogre
             ... wielding a +0 giant club
              (24 damage)
             ... on level 4 of the Dungeon.
             The game lasted 00:09:50 (3105 turns).

nikopol the Skirmisher (Minotaur Berserker)         Turns: 3105, Time: 00:09:50

Health: -9/62      AC:  9    Str: 22    XL:     7   Next: 22%
Magic:  6/6        EV: 13    Int:  4    God:    Trog [***...]
Gold:   120        SH:  0    Dex: 11    Spells: 0 memorised, 6 levels left

rFire  . . .     SeeInvis .     a - +0 hand axe
rCold  . . .     Gourm    .     j - +0 ring mail
rNeg   + . .     Faith    .     (no shield)
rPois  .         Spirit   .     (helmet restricted)
rElec  .         Reflect  .     r - +0 cloak
rCorr  .         Harm     .     (no gloves)
MR     .....                    i - +1 pair of boots
Stlth  +.........               (no amulet)
                                (no ring)
                                e - ring of positive energy

@: lethally poisoned (-9 -> -9), exhausted, slowed, very slow
A: retaliatory headbutt, horns 2
a: Berserk, Trog's Hand, Burn Spellbooks, Renounce Religion


You were on level 4 of the Dungeon.
You worshipped Trog.
Trog was most pleased with you.
You were not hungry.

You visited 1 branch of the dungeon, and saw 4 of its levels.
You also visited: Ossuary.

You collected 120 gold pieces.

Inventory:

Hand Weapons
 a - a +0 hand axe (weapon)
Missiles
 n - 20 arrows (quivered)
Armour
 b - a +0 animal skin
 i - a +1 pair of boots (worn)
 j - a +0 ring mail (worn)
 r - a +0 cloak (worn)
Jewellery
 e - a ring of positive energy (left hand)
Wands
 q - a wand of digging (9/24)
Scrolls
 m - a scroll of noise {unknown}
 s - 2 scrolls of blinking {unknown}
Potions
 d - 5 potions of curing
 f - a potion of experience
 g - 2 potions of cancellation {unknown}
 h - a potion of lignification {unknown}
 o - a potion of heal wounds {unknown}
 t - 3 potions of agility {unknown}
Comestibles
 c - 2 bread rations


   Skills:
 + Level 5.7 Fighting
 + Level 5.7 Axes
 + Level 5.1 Armour
 + Level 5.2 Dodging


You had 6 spell levels left.
You didn't know any spells.

Dungeon Overview and Level Annotations

Branches:
Dungeon (4/15)
 Temple: D:4-7

Altars:


Innate Abilities, Weirdness & Mutations

You reflexively headbutt those who attack you in melee.
You have a pair of horns on your head.


Message History

The ogre is lightly wounded.
The ogre hits you with a giant club.
You slash the ogre!
The ogre is moderately wounded.
You feel sick. The ogre closely misses you.
You hit the ogre but do no damage. You headbutt the ogre.
The ogre is heavily wounded.
The ogre barely misses you. You furiously retaliate!
You headbutt the ogre, but do no damage.
You barely miss the ogre.
The ogre is heavily wounded.
The ogre barely misses you. The ogre misses you.
You hit the ogre. You headbutt the ogre.
The ogre is severely wounded.
You feel sick. The ogre hits you with a giant club.
* * * LOW HITPOINT WARNING * * *
You slash the ogre!
The ogre is almost dead.
The ogre hits you with a giant club!!
You die...

***,...,**,,...<.....#
**,....#*,***#......#
**,,....#.,* #......####
******,,,.%....** #.........###
,,,,,,,,,,,....#* #......#....##
*******......#..######.#........#
***W.....#...##......######.#
*,,........#O##......#....#.#
*,,........#@##......#..###.#
*****,,....?...#..#......#......#
,,,,,,,........##........#..###.#
,****,,........####......#....#.#
,****,,.......=# #......######.#
,,,,,,,.....[.<####.............#
,,,,,,,...................#######
***,,,,[.......####........#
*,,,,#####....,,########.#


You could see an ogre.

Vanquished Creatures
  The ghost of Feta the Gusty, an amateur TeAE of Sif Muna (D:4)
  2 elf zombies (Ossuary)
  A centaur zombie (Ossuary)
  An iguana (D:4)
  A big kobold zombie (Ossuary)
  2 mummies (Ossuary)
  Robin (D:3)
  5 adders
  7 gnolls (D:3)
  An ooze (D:3)
  3 worms
  2 leopard geckos
  9 orcs (D:3)
  A giant cockroach (D:2)
  8 hobgoblins
  2 jackals (D:1)
  A kobold (D:3)
  A ball python (D:1)
  6 bats
  3 frilled lizards
  15 goblins
  3 goblin zombies (Ossuary)
  9 hobgoblin zombies (Ossuary)
  A jackal zombie (Ossuary)
  11 kobold zombies (Ossuary)
  8 orc zombies (Ossuary)
  4 rats
  3 rat zombies
112 creatures vanquished.

Notes
Turn   | Place    | Note
-------+----------+-------------------------------------------
     0 | D:1      | nikopol the Minotaur Berserker began the quest for the Orb.
     0 | D:1      | Reached XP level 1. HP: 19/19 MP: 0/0
   135 | D:1      | Reached XP level 2. HP: 24/27 MP: 1/1
   672 | D:2      | Reached XP level 3. HP: 15/33 MP: 2/2
   725 | D:2      | Reached ** piety under Trog
  1481 | D:3      | Reached XP level 4. HP: 36/41 MP: 3/3
  1566 | D:3      | Noticed Robin
  1591 | D:3      | Killed Robin
  1854 | D:3      | Reached XP level 5. HP: 33/47 MP: 4/4
  2347 | D:3      | Reached *** piety under Trog
  2521 | D:4      | Noticed Feta's ghost (amateur TeAE)
  2545 | D:4      | Found a sand-covered staircase.
  2552 | Ossuary  | Entered an ossuary
  2768 | Ossuary  | Reached skill level 5 in Fighting
  2810 | Ossuary  | Reached skill level 5 in Axes
  2810 | Ossuary  | Reached XP level 6. HP: 46/56 MP: 5/5
  3083 | D:4      | Killed Feta's ghost
  3083 | D:4      | Reached skill level 5 in Armour
  3083 | D:4      | Reached skill level 5 in Dodging
  3083 | D:4      | Reached XP level 7. HP: 62/62 MP: 6/6
  3105 | D:4      | Mangled by an ogre

Skill      XL: |  1  2  3  4  5  6 |
---------------+-------------------+-----
Fighting       | 4 5 |  5.7
Axes           | 4 5 |  5.7
Armour         | 3 4 5 |  5.1
Dodging        | 3 4 5 |  5.2

Action                   |  1- 3 |  4- 6 |  7- 9 || total
-------------------------+-------+-------+-------++-------
Melee: Hand axe          |    60 |   205 |    15 ||   280
       Headbutt          |    10 |    40 |     5 ||    55
Invok: Berserk           |     1 |     1 |       ||     2
  Use: Scroll            |       |     4 |       ||     4
  Eat: Chunk             |     3 |     4 |       ||     7
       Meat ration       |       |       |     1 ||     1
Armor: Animal skin       |    16 |     1 |       ||    17
       Ring mail         |       |    63 |     3 ||    66
Dodge: Dodged            |    44 |   105 |    18 ||   167
